 Dungeon Crawl Stone Soup version bcrawl-1.12.2 (webtiles) character file.

Game seed: 3286528687518432161

308 Jukra the Magician (level 6, -7/37 HPs)
             Began as a Fairy Wizard on July 21, 2019.
             Was an Initiate of Sif Muna.
             Killed by divine providence
             ... invoked by an orc priest
              (13 damage)
             ... on level 4 of the Dungeon.
             The game lasted 00:14:46 (2850 turns).

Jukra the Magician (Fairy Wizard)                   Turns: 2850, Time: 00:14:46

Health: -7/37      AC:  7    Str:  5    XL:     6   Next: 40%
Magic:  17/17      EV: 20    Int: 23    God:    Sif Muna [......]
Gold:   275        SH:  5    Dex: 11    Spells: 17/18 levels left

rFire    . . .     SeeInvis .   a - +0 staff
rCold    . . .     Gourm    .   (shield currently unavailable)
rNeg     . . .     Faith    .   (armour unavailable)
rPois    .         Spirit   .   h - +0 helmet
rElec    .         Reflect  .   k - +0 cloak
rCorr    .         Harm     .   (no gloves)
MR       .....                  (no boots)
Stlth    +.........             (no amulet)
HPRegen  0.12/turn              e - +2 ring of evasion
MPRegen  0.15/turn              (no ring)

@: flying evasively, divine energy
A: small, magic attunement, unstealthy, unfitting armour, able to fly, AC/SH +5
a: Stop Flying, Stop Divine Energy, Renounce Religion


You were on level 4 of the Dungeon.
You worshipped Sif Muna.
Sif Muna was noncommittal.
You were not hungry.

You visited 1 branch of the dungeon, and saw 4 of its levels.

You collected 275 gold pieces.

Inventory:

Hand Weapons
 a - a +0 staff (weapon)
 g - a +0 vampiric hand axe
 m - a +0 whip of distortion
 r - a +1 hunting sling of freezing
Missiles
 s - 538 stones
 u - 90 sling bullets (quivered)
Armour
 b - a +0 hat
 h - a +0 helmet (worn)
 k - a +0 cloak (worn)
Jewellery
 e - a +2 ring of evasion (left hand)
Scrolls
 c - 2 scrolls of remove curse {unknown}
 f - 5 scrolls of teleportation {unknown}
 i - 3 scrolls of identify {unknown}
 l - a scroll of amnesia {unknown}
 n - a scroll of enchant armour {unknown}
 o - a scroll of noise {unknown}
 p - a scroll of blinking {unknown}
 q - a scroll of immolation {unknown}
Potions
 j - a potion of ambrosia {unknown}
 t - a potion of magic {unknown}
 v - 2 potions of heal wounds {unknown}
 w - a potion of brilliance {unknown}
Comestibles
 d - 6 rations {!d}


   Skills:
 * Level 0.4 Fighting
 * Level 1.0 Staves
 * Level 4.4 Dodging
 + Level 1.9 Stealth
 + Level 6.5 Spellcasting
 + Level 3.5 Conjurations
   Level 1.1 Summonings
   Level 1.0 Translocations


You had 17 spell levels left.
You knew the following spells:

 Your Spells              Type           Power        Failure   Level  Hunger
a - Magic Dart            Conj           ###.         1%          1    None

Your spell library contained the following spells:

 Spells                   Type           Power        Failure   Level  Hunger
 Call Imp                 Summ           ##......     8%          2    None
 Slow                     Hex            #.......     9%          1    None
 Blink                    Tloc           N/A          9%          2    None
 Conjure Flame            Conj/Fire      ###.....     12%         3    None
 Dazzling Spray           Conj/Hex       ###...       12%         3    None
 Mephitic Cloud           Conj/Pois/Air  ##......     16%         3    None
 Confuse                  Hex            #.......     24%         3    None
 Petrify                  Tmut/Erth      #.......     63%         4    None
 Yara's Violent Unravell  Hex/Tmut       #.........   63%         4    None
 Metabolic Englaciation   Hex/Ice        #.........   92%         5    None
 Mana Rupture             Conj/Hex       ###.......   100%        7    None


Dungeon Overview and Level Annotations

Branches:
Dungeon (4/12)
 Temple: D:4-7

Altars:
Ru
Sif Muna


Innate Abilities, Weirdness & Mutations

Your spells do not cause hunger and MP costs are reduced by 1.
Your bright wings attract enemies. (Stealth-)
You cannot fit into any form of body armour.
Your shimmering scales are hard and can block incoming attacks. (AC +5, SH +5)
You are small and have problems with some larger weapons.
You can fly continuously.


Message History

The orc priest is moderately wounded.
The orc priest closely misses you.
Casting: Magic Dart (safe; 1% risk of failure)
Confirm with . or Enter, or press ? or * to list all spells.
Aiming: Magic Dart (safe; 1% risk of failure)
Press: ? - help, Shift-Dir - straight line, f/p - orc priest
Aim: an orc priest, wielding a +0 flail and wearing a +0 ring mail (moderately wounded)
The magic dart hits the orc priest.
The orc priest is heavily wounded.
The orc priest completely misses you.
Casting: Magic Dart (safe; 1% risk of failure)
Confirm with . or Enter, or press ? or * to list all spells.
Aiming: Magic Dart (safe; 1% risk of failure)
Press: ? - help, Shift-Dir - straight line, f/p - orc priest
Aim: an orc priest, wielding a +0 flail and wearing a +0 ring mail (heavily wounded)
The magic dart hits the orc priest.
The orc priest is severely wounded.
The orc priest invokes the aid of Beogh against you.
Beogh smites you!
You die...

#.†....._....
#.#.#.#...#.#
#.#.#.##.##.#
#.#.#.......#
#####.#.####.####.#
......#...........#
...#########.########.##
...# #.#####...... ...#
#..(.@oo..... ...#
#######...... ...# .....
#### .?.. ... .. #


You could see an orc priest and an orc wizard.

Vanquished Creatures
  Jessica (D:2)
  3 worker ants (D:4)
  Robin (D:3)
  8 adders
  3 worms
  6 dart slugs
  5 leopard geckos
  5 orcs
  A ball python (D:1)
  2 giant cockroaches
  10 goblins
  16 hobgoblins
  11 jackals
  9 kobolds
  3 quokkas
  3 bats
  3 frilled lizards
  8 rats
98 creatures vanquished.

Notes
Turn   | Place    | Note
-------+----------+-------------------------------------------
     0 | D:1      | Jukra the Fairy Wizard began the quest for the Orb.
     0 | D:1      | Reached XP level 1. HP: 11/11 MP: 7/7
   272 | D:1      | Reached XP level 2. HP: 17/17 MP: 9/9
   981 | D:2      | Reached XP level 3. HP: 15/21 MP: 11/11
  1001 | D:2      | Reached skill level 5 in Spellcasting
  1214 | D:2      | Reached XP level 4. HP: 27/27 MP: 13/13
  1288 | D:2      | Noticed Jessica
  1292 | D:2      | Killed Jessica
  1740 | D:3      | Reached XP level 5. HP: 31/31 MP: 15/15
  1858 | D:3      | Noticed Robin
  1873 | D:3      | Killed Robin
  1873 | D:3      | Reached skill level 6 in Spellcasting
  2336 | D:3      | Found a deep blue altar of Sif Muna.
  2339 | D:3      | Became a worshipper of Sif Muna the Loreminder
  2691 | D:4      | Reached XP level 6. HP: 34/37 MP: 17/17
  2755 | D:4      | Reached skill level 1 in Staves
  2815 | D:4      | Found a sacrificial altar of Ru.
  2850 | D:4      | Killed from afar by an orc priest

Skill      XL: |  1  2  3  4  5  6 |
---------------+-------------------+-----
Spellcasting   | 5 6 |  6.5
Dodging        | 3 4 |  4.4
Conjurations   | 2 3 |  3.5
Staves         | 1 |  1.0
Fighting       | |  0.4
Stealth        | |  1.9
Summonings     | |  1.1
Translocations | |  1.0

Action                   |  1- 3 |  4- 6 || total
-------------------------+-------+-------++-------
Melee: Staff             |    22 |       ||    22
 Cast: Magic Dart        |    99 |   187 ||   286
Invok: Divine Energy     |       |     1 ||     1
  Eat: Chunk             |     1 |     5 ||     6
Armor: Skin              |     6 |     9 ||    15
Dodge: Dodged            |    36 |    48 ||    84
Block: Other             |     9 |    12 ||    21
